 Seeded DCSS version 0.29.1-15-g9cfb28693d (webtiles) character file.

Game seed: 16245865983455551772 (custom seed)

132 Sanktem7 the Trooper (level 4, -1/42 HPs)
             Began as a Minotaur Fighter on Mar 9, 2023.
             Killed from afar by an orc wizard (9 damage)
             ... with a magic dart
             ... on level 3 of the Dungeon.
             The game lasted 00:04:24 (2117 turns).

Sanktem7 the Trooper (Minotaur Fighter)             Turns: 2117, Time: 00:04:24

Health: -1/42      AC: 11    Str: 27    XL:     4   Next: 92%
Magic:  3/3        EV:  9    Int:  5    God:
Gold:   655        SH:  4    Dex: 11    Spells: 3/3 levels left

rFire   + + .      SeeInvis .   a - +0 war axe {axe}
rCold   + . .      Faith    .   c - +0 buckler
rNeg    . . .      Spirit   .   b - +0 scale mail
rPois   +          Reflect  .   (helmet restricted)
rElec   +          Harm     .   (no cloak)
rCorr   .          Rampage  .   (no gloves)
Will    .....                   (no boots)
Stlth   ..........              (no amulet)
HPRegen 0.14/turn               l - ring "Boob" {AC+4 Str+4 Dex+2 Stlth+}
MPRegen 0.08/turn               m - ring "Duojuzapt" {rElec rPois rF++ rC+ Stlth-}

@: no status effects
A: horns 2, retaliatory headbutt
a: no special abilities


You were on level 3 of the Dungeon.
You visited 1 branch of the dungeon, and saw 3 of its levels.

You collected 655 gold pieces.


Innate Abilities, Weirdness & Mutations

You have a pair of horns on your head.
You reflexively headbutt those who attack you in melee.


   Skills:
 * Level 5.1 Fighting
 * Level 4.3 Axes
 + Level 4.4 Armour
 - Level 3.6 Shields


You had 3 spell levels left.
You didn't know any spells.
Your spell library contained the following spells:

 Spells                   Type           Power      Damage    Failure   Level
 Sting                    Tmut/Pois      0%         1d3       83%         1
 Poisonous Vapours        Pois/Air       0%         N/A       92%         2
 Olgreb's Toxic Radiance  Pois           0%         N/A       100%        4

Inventory:

Hand Weapons
 a - a +0 war axe (weapon) {axe}
 n - a +0 dagger of draining {short}
   (You took it off Jessica on level 2 of the Dungeon)
Missiles
 e - 22 stones (quivered) {throwing}
 h - 2 poisoned darts {throwing}
Armour
 b - a +0 scale mail (worn)
 c - a +0 buckler (worn)
Jewellery
 l - the ring "Boob" (left hand) {AC+4 Str+4 Dex+2 Stlth+}
   (You acquired it on level 1 of the Dungeon)

   [ring of protection]

   AC:        It affects your AC (+4).
   Str:       It affects your strength (+4).
   Dex:       It affects your dexterity (+2).
   Stlth:     It makes you more stealthy.
 m - the ring "Duojuzapt" (right hand) {rElec rPois rF++ rC+ Stlth-}
   (You acquired it on level 1 of the Dungeon)

   [ring of protection from cold]

   rF:        It greatly protects you from fire.
   rC:        It protects you from cold.
   rElec:     It insulates you from electricity.
   rPois:     It protects you from poison.
   Stlth:     It makes you less stealthy.
Scrolls
 f - 2 scrolls of identify {unknown}
 i - a scroll of summoning {unknown}
 j - 2 scrolls of teleportation {unknown}
 k - a scroll of enchant weapon {unknown}
Potions
 d - 2 potions of might
 g - 2 potions of flight {unknown}
 o - a potion of lignification {unknown}

Dungeon Overview and Level Annotations

Branches:
Dungeon (3/15) Zot: 15850

Altars:

Shops:
D:3

[ ##### #.#.########
##.#.#..@........
........{####..##
.#.#.###.#####)#####
#.....))..).....#
#####.###)#...#.##
>..# #).#.#...#
..#### #...∩....#
... #..#.#...# .#
..###.#...#..#####


There were no monsters in sight!


Message History

You headbutt the orc wizard, but do no damage.
Things that are here:
a +0 dagger {short}; a +0 dagger {short}; a ball python corpse You hit the orc wizard.
The orc wizard points at you and mumbles some strange words.
The puff of flame hits you. You resist. 😮 HP[-2]
You take 2 damage, and now have 30/42 hp.
You closely miss the orc wizard.
The orc wizard hits you but does no damage.
The orc wizard mumbles some strange words.
The orc wizard flickers and vanishes!
Deactivating autopickup; reactivate with Ctrl-A.
You closely miss something. Something hits you. 😮 HP[-3]
You take 3 damage, and now have 27/42 hp.
You closely miss something. You block something's attack. 😮 HP[+1]
You closely miss something.
You hear some strange, mumbled words.
You are confused.
Something hits you but does no damage.
You closely miss something. Your headbutt misses something.
You hear some strange, mumbled words.
You are more confused.
You're too confused to move!
You hear some strange, mumbled words.
A puff of flame appears from out of thin air!
The puff of flame misses you.
You bump into the rock wall.
You hear some strange, mumbled words.
A puff of flame appears from out of thin air!
The puff of flame hits you. You resist. 😮 HP[-1]
You take 1 damage, and now have 27/42 hp.
You bump into the rock wall.
Something completely misses you. 😮 HP[+1]
You miss something. Something hits you but does no damage.
You miss something. Something hits you.
You hear some strange, mumbled words.
A magic dart appears from out of thin air!
The magic dart hits you.
* * * LOW HITPOINT WARNING * * *
😨 HP[-7]
You take 7 damage, and now have 21/42 hp.
You closely miss something. Something hits you.
* * * LOW HITPOINT WARNING * * *
😨 HP[-3]
You take 3 damage, and now have 18/42 hp.
You feel less confused. Something hits you.
* * * LOW HITPOINT WARNING * * *
😨 HP[-1]
You take 1 damage, and now have 17/42 hp.
You barely miss something.
Something hits you but does no damage. 😨 HP[+1]
You barely miss something. Something hits you but does no damage.
You hear some strange, mumbled words.
A puff of flame appears from out of thin air!
The puff of flame misses you.
You barely miss something. Something hits you but does no damage.
You closely miss something. Something hits you but does no damage.
You miss something. Something hits you.
* * * LOW HITPOINT WARNING * * *
You hear some strange, mumbled words.
You are confused. 😨 HP[-3]
You take 3 damage, and now have 15/42 hp.
You closely miss something. Something hits you.
* * * LOW HITPOINT WARNING * * *
😨 HP[-1]
You take 1 damage, and now have 14/42 hp.
You miss something. Your headbutt misses something.
Something hits you but does no damage.
You closely miss something. Something hits you.
* * * LOW HITPOINT WARNING * * *
Something hits you but does no damage. 😨 HP[-1]
You take 1 damage, and now have 13/42 hp.
You completely miss something. Something hits you.
* * * LOW HITPOINT WARNING * * *
😱 HP[-3]
You take 3 damage, and now have 10/42 hp.
You feel less confused.
You hear some strange, mumbled words.
A puff of flame appears from out of thin air!
The puff of flame hits you. You resist.
* * * LOW HITPOINT WARNING * * *
😱 HP[-1]
You take 1 damage, and now have 9/42 hp.
You closely miss something. Your headbutt misses something. Something hits you.
* * * LOW HITPOINT WARNING * * *
😱 HP[-1]
You take 1 damage, and now have 8/42 hp.
You closely miss something. Your headbutt misses something.
Something hits you but does no damage.
You hear some strange, mumbled words.
A magic dart appears from out of thin air!
The magic dart hits you!
You die...

Skill      XL: |  1  2  3  4 |
---------------+-------------+-----
Fighting       | 4 5 |  5.1
Axes           | 3 4 |  4.3
Armour         | 4 |  4.4
Shields        | |  3.6

Action                   |  1- 3 |  4- 6 || total
-------------------------+-------+-------++-------
Melee: War axe           |    60 |    31 ||    91
       Headbutt          |     7 |     2 ||     9
  Use: Scroll            |     3 |       ||     3
Armor: Scale mail        |    15 |    25 ||    40
Dodge: Dodged            |    23 |    11 ||    34
Block: Buckler           |    19 |     6 ||    25

Levels and vault maps discovered:
D:1:      minmay_arrival_hallway, layout_loops_corners, basic_ecumenical_altar,
          minmay_unequal
D:2:      layout_loops_ring, uniq_jessica
D:3:      layout_basic, serial_shops, nicolae_shop_advertising_works
          [nicolae_subvault_shop_adworks], minmay_shallow_snake_nest,
          uniq_natasha

Notes
Turn   | Place    | Note
-------+----------+-------------------------------------------
     0 | D:1      | Sanktem7 the Minotaur Fighter began the quest for the Orb.
     0 | D:1      | Reached XP level 1. HP: 19/19 MP: 0/0
     0 | D:1      | magus.rc [v1.9.6]
   325 | D:1      | Found a faded altar of an unknown god.
   347 | D:1      | Reached XP level 2. HP: 27/27 MP: 1/1
   379 | D:1      | Reached skill level 4 in Fighting
   464 | D:1      | Reached skill level 3 in Axes
  1234 | D:1      | Identified 3 scrolls of acquirement
  1234 | D:1      | Acquired the ring "Boob" {AC+4 Str+4 Dex+2 Stlth+}
  1236 | D:1      | Acquired the ring "Duojuzapt" {rElec rPois rF++ rC+ Stlth-}
  1242 | D:1      | Acquired 533 gold pieces
  1506 | D:2      | Reached skill level 4 in Armour
  1506 | D:2      | Reached XP level 3. HP: 34/34 MP: 2/2
  1527 | D:2      | Noticed Jessica
  1531 | D:2      | Killed Jessica
  1612 | D:2      | You add the spells Sting, Poisonous Vapours and Olgreb's
                  | Toxic Radiance to your library.
  2056 | D:3      | Found Ymmy Ciutu's Antique Armour Shoppe.
  2066 | D:3      | Reached skill level 4 in Axes
  2066 | D:3      | Reached XP level 4. HP: 36/41 MP: 3/3
  2080 | D:3      | Reached skill level 5 in Fighting
  2113 | D:3      | HP: 10/42 [something (3)]
  2117 | D:3      | Killed from afar by an orc wizard

Vanquished Creatures
  An orc priest (D:3)
  Jessica (D:2)
  An orc wizard (D:3)
  An adder (D:2)
  5 orcs (D:3)
  3 ball pythons
  2 bats
  4 endoplasms (D:1)
  2 goblins (D:1)
  4 hobgoblins
  3 kobolds
  3 quokkas (D:1)
  2 frilled lizards
  4 rats
36 creatures vanquished.

Table legend:
 A = Non-vault XP
 B = Vault XP
 C = Vault XP percentage of total XP
 D = Non-vault monster count
 E = Vault monster count
 F = Vault count percentage of total count
                 A         B        C        D         E       F
            +---------+---------+-------+---------+---------+-------
      Total |     146 |      43 |  22.8 |      32 |       4 |  11.1
            +---------+---------+-------+---------+---------+-------
        D:1 |      29 |       6 |  17.1 |      16 |       3 |  15.8
        D:2 |      16 |      37 |  69.8 |       4 |       1 |  20.0
        D:3 |     101 |       0 |   0.0 |      12 |       0 |   0.0
            +---------+---------+-------+---------+---------+-------

Illustrated notes

Table legend:
 A = Kills in this place as a percentage of kills in entire the game.
 B = Kills by you in this place as a percentage of kills by you in the entire game.
 C = Kills by friends in this place as a percentage of kills by friends in the entire game.
 D = Other kills in this place as a percentage of other kills in the entire game.
 E = Experience gained in this place as a percentage of experience gained in the entire game.
 F = Experience gained in this place divided by the number of levels of this place that you have seen.
                   A       B       C       D       E      F
               +-------+-------+-------+-------+-------+----------------------
         Total | 100.0 | 100.0 |   N/A |   N/A | 100.0 |  63.0
       Dungeon | 100.0 | 100.0 |   N/A |   N/A | 100.0 |  63.0
               +-------+-------+-------+-------+-------+----------------------

Table legend: (Time is in decaauts)
 A = Elapsed time spent in this place.
 B = Non-inter-level travel time spent in this place.
 C = Inter-level travel time spent in this place.
 D = Time resting spent in this place.
 E = Time spent auto-exploring this place.
 F = Levels seen in this place.
 G = Mean time per level.
                   A        B        C        D        E       F      G
               +--------+--------+--------+--------+--------+-----+--------+
         Total |   2148 |   2074 |     74 |      0 |   1808 |   3 |  716.0 |
       Dungeon |   2148 |   2074 |     74 |      0 |   1808 |   3 |  716.0 |
               +--------+--------+--------+--------+--------+-----+--------+

Top non-repeatable levels by time:
     D:1: 1303 daAuts
     D:2: 671 daAuts
     D:3: 172 daAuts
